 Dungeon Crawl Stone Soup version 0.26.1-15-g04117e645d (webtiles) character file.

Game seed: 1320238692288182251

2027 Froggeryz the Slicer (level 9, -4/85 HPs)
             Began as an Octopode Berserker on May 1, 2022.
             Was an Elder of Trog.
             Slain by an orc warrior
             ... wielding a +0 war axe
              (14 damage)
             ... on level 7 of the Dungeon.
             The game lasted 00:06:30 (8058 turns).

Froggeryz the Slicer (Octopode Berserker)           Turns: 8058, Time: 00:06:30

Health: -4/85      AC:  1    Str: 16      XL:     9   Next: 23%
Magic:  9/9        EV: 14    Int:  9      God:    Trog [****..]
Gold:   306        SH:  5    Dex: 14 (15) Spells: 8/8 levels left

rFire    . . .     SeeInvis .   h - +2 dagger (venom)
rCold    . . .     Faith    .   (no shield)
rNeg     . . .     Spirit   .   (helmet restricted)
rPois    .         Reflect  +   e - amulet of reflection
rElec    .         Harm     .   (no ring)
rCorr    .         Rampage  .   (no ring)
Will     .....                  (no ring)
Stlth    ..........             (no ring)
HPRegen  0.24/turn              (no ring)
MPRegen  0.11/turn              (no ring)
                                (no ring)
                                (no ring)

@: berserking, very quick
A: almost no armour, stealthy swim, amphibious, 8 rings, constrict 8, camouflage
1, gelatinous body 1
a: Renounce Religion, Berserk, Trog's Hand, Brothers in Arms


You were on level 7 of the Dungeon.
You worshipped Trog.
Trog was greatly pleased with you.
You visited 2 branches of the dungeon, and saw 8 of its levels.

You collected 306 gold pieces.

Inventory:

Hand Weapons
 h - a +2 dagger of venom (weapon)
Missiles
 f - 31 poisoned darts
 i - 2 throwing nets
Jewellery
 d - an uncursed ring of stealth
 e - an amulet of reflection (around mantle)
Wands
 u - a wand of acid (13)
 w - a wand of flame (21)
 x - a wand of polymorph (9)
Scrolls
 j - 2 scrolls of enchant weapon
 l - 4 scrolls of teleportation
 m - 3 scrolls of immolation
 p - 2 scrolls of fog
 r - a scroll of remove curse
 s - a scroll of identify
 t - a scroll of silence
 v - a scroll of vulnerability {unknown}
 y - a scroll of magic mapping {unknown}
 A - a scroll of amnesia {unknown}
Potions
 a - a potion of ambrosia {unknown}
 b - 2 potions of cancellation {unknown}
 c - 3 potions of might
 g - a potion of berserk rage {unknown}
 k - 2 potions of curing
 n - 2 potions of invisibility {unknown}
 o - a potion of haste {unknown}
 q - a potion of magic {unknown}
 z - a potion of flight {unknown}


   Skills:
 + Level 3.4 Fighting
 - Level 10.0 Short Blades
 + Level 3.4 Dodging
 - Level 9.2 Stealth


You had 8 spell levels left.
You didn't know any spells.
Your spell library was empty.

Dungeon Overview and Level Annotations

Branches:
Dungeon (7/15)             Temple (1/1) D:5

Altars:
Ashenzari
Elyvilon
Gozag
Kikubaaqudgha
Nemelex Xobeh
Qazlal
Ru
Vehumet
Zin

Shops:
D:5 }


Innate Abilities, Weirdness & Mutations

You cannot wear most types of armour.
You are very stealthy in the water. (Stealth+)
You are amphibious.
You can wear up to eight rings at the same time.
You can use your tentacles to constrict eight enemies at once.
Your skin changes colour to match your surroundings (Stealth+).
Your rubbery body absorbs attacks. (AC +1, EV +1)


Message History

A red film seems to cover your vision as you go berserk!
You feel yourself moving faster!
You feel mighty!
You constrict the orc warrior. You constrict the orc priest.
The orc warrior closely misses you.
The orc priest invokes the aid of Beogh against you.
Pain shoots through your body!
* * * LOW HITPOINT WARNING * * *
The orc wizard points at you and mumbles some strange words.
The magic dart hits you!
* * * LOW HITPOINT WARNING * * *
You barely miss the orc wizard. You grab the orc wizard.
You squeeze the orc wizard.
You kill the orc wizard!
Trog accepts your kill.
Trog appreciates your killing of a magic user.
You constrict the orc warrior, but do no damage.
You constrict the orc priest, but do no damage.
The orc priest closely misses you.
The orc warrior hits you with a +0 war axe!
You die...

##############
........#....## #####
...##.........# #(...
..............# #....##
..............##########
#......
.....#....##'##.).......
#......
.#...#.......##..o......
###....
.#...#........!.@)......
#......
>................o......
.......
.#......................
#......
+#.......#...#...##.....
.......
.........#...#...#
......#.###.#.
..#####.##...#....
....... ...#. ..# .
.#...#............######.
..#
....#........<..........
.## ..............


You could see an orc warrior (extremely poisoned) and an orc priest (very
poisoned).

Vanquished Creatures
  Grinder (D:4)
  An orc warrior (D:6)
  An ogre (D:5)
  A centaur (D:6)
  2 bullfrogs
  A howler monkey (D:4)
  5 wights (D:6)
  A centaur zombie (D:5)
  4 hounds
  2 quasits
  2 bullfrog zombies
  5 orc priests
  3 jellies
  A gnoll shaman (D:2)
  2 bullfrog skeletons
  2 iguanas
  8 orc wizards
  2 worker ants (D:4)
  A worker ant zombie (D:7)
  10 gnolls
  8 adders
  A white imp (D:7)
  An ufetubus (D:5)
  2 oozes
  An adder zombie (D:6)
  2 adder skeletons
  3 worms
  2 dart slugs
  6 leopard geckos
  11 orcs
  5 giant cockroaches
  7 goblins
  4 hobgoblins
  7 jackals
  3 quokkas
  4 ball pythons
  4 bats
  5 frilled lizards
  9 kobolds
  A leopard gecko zombie (D:6)
  5 rats
146 creatures vanquished.

Notes
Turn   | Place    | Note
-------+----------+-------------------------------------------
     0 | D:1      | Froggeryz the Octopode Berserker began the quest for the
                  | Orb.
     0 | D:1      | Reached XP level 1. HP: 16/16 MP: 1/1
   214 | D:1      | Reached skill level 1 in Stealth
   214 | D:1      | Reached XP level 2. HP: 17/21 MP: 2/2
   906 | D:2      | Reached XP level 3. HP: 7/26 MP: 3/3
   925 | D:1      | Reached skill level 4 in Short Blades
  1360 | D:2      | Reached ** piety under Trog
  1361 | D:2      | Reached XP level 4. HP: 7/31 MP: 4/4
  1827 | D:2      | Reached XP level 5. HP: 18/36 MP: 5/5
  1863 | D:2      | Reached skill level 5 in Short Blades
  3119 | D:3      | Reached XP level 6. HP: 33/42 MP: 6/6
  3504 | D:4      | Noticed Grinder
  3515 | D:4      | Killed Grinder
  3516 | D:4      | Reached skill level 6 in Short Blades
  3516 | D:4      | Reached skill level 5 in Stealth
  3516 | D:4      | Reached XP level 7. HP: 41/46 MP: 7/7
  3781 | D:4      | Found a broken altar of Ashenzari.
  4027 | D:4      | Reached *** piety under Trog
  4178 | D:4      | Reached skill level 7 in Short Blades
  4724 | D:4      | Found an opulent altar of Gozag.
  4724 | D:4      | Found a glowing silver altar of Zin.
  5366 | D:5      | Entered Level 5 of the Dungeon
  5778 | D:5      | Reached XP level 8. HP: 48/52 MP: 8/8
  5925 | D:5      | Found a staircase to the Ecumenical Temple.
  5978 | Temple   | Entered the Ecumenical Temple
  6151 | D:5      | Reached skill level 8 in Short Blades
  6494 | D:5      | Found a white marble altar of Elyvilon.
  6531 | D:5      | Found a radiant altar of Vehumet.
  6532 | D:5      | Found a sacrificial altar of Ru.
  6611 | D:5      | Found Caumeot's Gadget Shop.
  6826 | D:6      | Reached skill level 9 in Short Blades
  6941 | D:6      | Reached **** piety under Trog
  6958 | D:6      | Reached XP level 9. HP: 41/56 MP: 9/9
  7242 | D:6      | Found a stormy altar of Qazlal.
  7759 | D:7      | Reached skill level 10 in Short Blades
  8058 | D:7      | Slain by an orc warrior

Illustrated notes

Levels and vault maps discovered:
D:1:      evilmike_arrival_plus, layout_basic
D:2:      layout_loops_corners
D:3:      minmay_general_purpose_star, layout_loops_ring, portal_sewer_entry_d
D:4:      layout_layer_cave, grunt_temple_overflow_gold_and_silver,
          ashenzari_altar_1, serial_rivers, chequers_serial_rivers_large_b,
          chequers_serial_rivers_small_a, chequers_serial_rivers_large_a,
          chequers_serial_rivers_room_a, chequers_serial_rivers_micro_c,
          minivault_26, minivault_25, grunt_decor_resistance, uniq_grinder
D:5:      layout_rooms, lemuel_doored_altar, gammafunk_temple_overflow_wave,
          minmay_temple_entry_trees, serial_shops, shop_statue
D:6:      layout_loops_ring, kennysheep_mini
D:7:      layout_basic
Temple:   dpeg_three_leaves_temple

Skill      XL: |  1  2  3  4  5  6  7  8  9 |
---------------+----------------------------+-----
Stealth        | 1 2 3 4 5 7 9 |  9.2
Short Blades   | 4 5 6 7 9 10 | 10.0
Fighting       | |  3.4
Dodging        | |  3.4

Action                   |  1- 3 |  4- 6 |  7- 9 || total
-------------------------+-------+-------+-------++-------
Melee: Short sword       |    48 |     8 |       ||    56
       Constrict         |    12 |    19 |    43 ||    74
       Tentacles         |    10 |    16 |    61 ||    87
       Dagger            |       |    80 |   205 ||   285
Invok: Berserk           |     1 |     1 |     4 ||     6
       Trog's Hand       |       |     2 |     2 ||     4
  Use: Scroll            |     2 |       |     8 ||    10
       Potion            |     1 |       |     1 ||     2
 Stab: Sleeping          |     5 |     9 |    21 ||    35
Armor: Skin              |     2 |     5 |     3 ||    10
Dodge: Dodged            |    24 |    37 |    86 ||   147
Block: Other             |       |    10 |    20 ||    30
       Reflection        |       |     1 |       ||     1
